 Dungeon Crawl Stone Soup version 0.18.1-50-g88ac8fd (webtiles) character file.

13 Amnesiac the Cutter (level 2, 0/24 HPs)
             Began as a Merfolk Fighter on Mar 4, 2018.
             Succumbed to an adder's poison
             ... on level 2 of the Dungeon.
             The game lasted 00:00:46 (76 turns).

Amnesiac the Cutter (Merfolk Fighter)                 Turns: 76, Time: 00:00:47

Health: 0/24       AC:  6    Str: 16    XL:     2   Next: 37%
Magic:  2/2        EV:  6    Int:  7    God:
Gold:   0          SH:  9    Dex: 13    Spells: 0 memorised, 1 level left

rFire  + . .     SeeInvis .     a - +0 rapier
rCold  + . .     Gourm    .     b - +0 scale mail
rNeg   . . .     Faith    .     c - +0 shield
rPois  +         Spirit   .     (no helmet)
rElec  +         Dismiss  .     (no cloak)
rCorr  +         Reflect  .     (no gloves)
SustAt .         Harm     .     (no boots)
MR     .....                    (no amulet)
Stlth  ..........               (no ring)
                                (no ring)

@: lethally poisoned (0 -> -4), resistant, very slightly contaminated,
invisible, not resistant to hostile enchantments, extremely unstealthy
A: change form in water, swift swim
a: no special abilities


You were on level 2 of the Dungeon.
You were not hungry.

You visited 1 branch of the dungeon, and saw 2 of its levels.

Inventory:

Hand Weapons
 a - a +0 rapier (weapon)
Armour
 b - a +0 scale mail (worn)
 c - a +0 shield (worn)
Potions
 d - a potion of might {!q}
Comestibles
 f - a bread ration
 h - a meat ration


   Skills:
 - Level 3.2 Fighting
 + Level 3.6 Short Blades
 - Level 2.1 Armour
 - Level 3.0 Shields


You had one spell level left.
You didn't know any spells.

Dungeon Overview and Level Annotations

Branches:
Dungeon (2/15)

Altars:


Message History

The adder is moderately wounded.
You feel sick. You block the adder's attack.
You miss the adder.
The adder is moderately wounded.
You block the adder's attack. x2
You closely miss the adder.
The adder is moderately wounded.
The adder bites you but does no damage.
You hit the adder.
The adder is severely wounded.
You feel sick. The adder bites you but does no damage. The adder bites you.
* * * LOW HITPOINT WARNING * * *
You miss the adder.
The adder is severely wounded.
The adder bites you but does no damage.
You miss the adder.
The adder is severely wounded.
You block the adder's attack. The adder closely misses you.
You miss the adder.
The adder is severely wounded.
The adder bites you but does no damage.
You closely miss the adder.
The adder is severely wounded.
You feel sick.
You are no longer poisoned.
You block the adder's attack. The adder bites you but does no damage.
You closely miss the adder.
The adder is severely wounded.
You block the adder's attack.
You hit the adder.
The adder is almost dead.
You block the adder's attack.
You miss the adder.
The adder is almost dead.
The adder bites you.
* * * LOW HITPOINT WARNING * * *
You block the adder's attack.
You closely miss the adder.
The adder is almost dead.
The adder bites you but does no damage.
You hit the adder.
The adder is almost dead.
You block the adder's attack. The adder bites you.
* * * LOW HITPOINT WARNING * * *
You are lethally poisoned!
The adder poisons you!
You hit the adder.
You kill the adder!
Your Short Blades skill increases to level 3!
You have reached level 2!
* * * LOW HITPOINT WARNING * * *
You feel sick.
Drink which item? (? for menu, Esc to quit)
Really quaff
e - a smoky yellow potion {!q}?
It was a potion of invisibility {!q}.
You fade into invisibility!
You are very lightly contaminated with residual magic.
Drink which item? (? for menu, Esc to quit)
Really quaff
g - a fuming inky potion {!q}?
It was a potion of resistance {!q}.
You feel protected.
* * * LOW HITPOINT WARNING * * *
You feel sick.
You die...

.h..##.####<....###.#
#.........hh..........
#.#..##.######.......#
#. #........####### ..
..######†# .. ##.#
##'## # #.# ##...##
#.# ##.....## #.
#...@...# #.........#
+.........+
#..........#
..#.....#.....
.#.#.....#..... #
#.....##...# #......
...#


There were no monsters in sight!

Vanquished Creatures
  An adder (D:2)
  3 jackals (D:2)
4 creatures vanquished.

Notes
Turn   | Place    | Note
--------------------------------------------------------------
     0 | D:1      | Amnesiac the Merfolk Fighter began the quest for the Orb.
     0 | D:1      | Reached XP level 1. HP: 18/18 MP: 1/1
    71 | D:2      | Reached XP level 2. HP: 3/24 MP: 2/2
    73 | D:2      | HP: 1/24 [poisoned by an adder]
    76 | D:2      | Succumbed to an adder's poison

Skill      XL: |  1 |
---------------+----+-----
Short Blades   | 3 |  3.6
Fighting       | |  3.2
Armour         | |  2.1
Shields        | |  3.0

Action                   || total
-------------------------++-------
Melee: Rapier            ||    36
  Use: Potion            ||     2
Armor: Scale mail        ||    17
Dodge: Dodged            ||     7
Block: Shield            ||    22
